AoeStats
← SeductiveSloth

Arena

509535526Analyzed
1v1 RM · 6d ago on Sep 27, 2026· 21m 29s· 2 players
Game mode
Random Map
Map size
Tiny (2 player)
Population
200
Speed
Normal
Resources
Standard
Victory
Conquest
Starting age
Dark Age
Ending age
Imperial Age
RankedLock teamsTeams togetherTeam positionsShared explorationLock speedFull tech treeHidden civsTurbo modeCheats
Victory
Defeat
🇦🇷 Bulgarians · Argentina
1158
+17
🇦🇺 Turks · Australia
1185
-17
Soldado Erotico Noob
9:52 Feudal Age
8:08 Loom
14:33 Castle Age
14:01 Fletching
15:12 Bodkin Arrow
SeductiveSloth
10:53 Feudal Age
14:51 Castle Age
15:53 Double-Bit Axe
15:50 Horse Collar
16:16 Gold Mining
Connection lost

Rejoining the realm…

Still unreachable

The connection could not be restored.

Session expired

The server has moved on; the page needs a fresh start.